 Dungeon Crawl Stone Soup version 0.30-a0-404-g0b3c3f4973 (webtiles) character file.

Game seed: 1165705991141842188

2025 blitzkryeg the Basher (level 9, -4/106 HPs)
             Began as a Minotaur Berserker on Dec 7, 2022.
             Was a Priest of Trog.
             Slain by a deep troll (10 damage)
             ... on level 7 of the Dungeon.
             The game lasted 00:27:13 (4768 turns).

blitzkryeg the Basher (Minotaur Berserker)          Turns: 4768, Time: 00:27:14

Health: -4/106     AC:  9    Str: 27    XL:     9   Next: 3%
Magic:  8/8        EV: 10    Int:  4    God:    Trog [***...]
Gold:   269        SH:  0    Dex:  9    Spells: 8/8 levels left

rFire   + . .      SeeInvis .    b - +1 flail (venom)
rCold   . . .      Faith    .    (no shield)
rNeg    + . .      Spirit   .    z - +2 scale mail {rN+}
rPois   .          Reflect  .    (helmet restricted)
rElec   .          Harm     .    (no cloak)
rCorr   .          Rampage  .    (no gloves)
Will    .....                    L - +0 pair of boots
Stlth   ..........               (no amulet)
HPRegen 0.37/turn                e - ring of protection from cold
MPRegen 0.11/turn                t - ring of fire

@: berserking (expiring), very quick
A: horns 2, retaliatory headbutt
a: Renounce Religion, Berserk, Trog's Hand


You were on level 7 of the Dungeon.
You worshipped Trog.
Trog was most pleased with you.
You visited 1 branch of the dungeon, and saw 7 of its levels.

You collected 269 gold pieces.

Inventory:

Hand Weapons
 a - a +0 mace
 b - a +1 flail of venom (weapon)
 y - a +1 dire flail of protection
Missiles
 d - 2 atropa-tipped darts
 j - 7 poisoned darts (quivered)
 u - 23 stones
 E - a throwing net
Armour
 q - a +2 leather armour of poison resistance
 v - a scarf of invisibility
 z - a +2 scale mail of positive energy (worn)
 L - a +0 pair of boots (worn)
Jewellery
 e - a ring of protection from cold (left hand)
 t - a ring of fire (right hand)
 I - a ring of magical power
Wands
 H - a wand of light (6)
Scrolls
 f - a scroll of vulnerability {unknown}
 g - a scroll of noise {unknown}
 h - 8 scrolls of identify {unknown}
 i - 2 scrolls of magic mapping {unknown}
 k - 2 scrolls of immolation {unknown}
 l - a scroll of enchant armour {unknown}
 n - a scroll of fear {unknown}
 p - 3 scrolls of enchant weapon {unknown}
 r - 3 scrolls of teleportation {unknown}
 x - a scroll of torment {unknown}
 B - 2 scrolls of blinking {unknown}
 F - a scroll of amnesia {unknown}
Potions
 c - 3 potions of haste {unknown}
 m - a potion of resistance {unknown}
 o - 2 potions of lignification {unknown}
 s - a potion of mutation {unknown}
 w - 2 potions of curing {unknown}
 A - a potion of cancellation {unknown}
 C - a potion of might {unknown}
 G - a potion of brilliance {unknown}
 J - 3 potions of heal wounds {unknown}
 K - a potion of attraction {unknown}


   Skills:
 - Level 3.8 Fighting
 + Level 14.1 Maces & Flails
 - Level 2.7 Armour
 - Level 2.4 Dodging


You had 8 spell levels left.
You didn't know any spells.
Your spell library contained the following spells:

 Spells                   Type           Power      Damage    Failure   Level
 Apportation              Tloc           0%         N/A       77%         1
 Necrotise                Necr           0%         1d4       77%         1
 Slow                     Hex            0%         N/A       77%         1
 Summon Small Mammal      Summ           0%         N/A       77%         1
 Call Canine Familiar     Summ           0%         N/A       98%         3
 Confusing Touch          Hex            0%         N/A       98%         3
 Portal Projectile        Hex/Tloc       0%         N/A       98%         3
 Vampiric Draining        Necr           0%         2d6       98%         3
 Leda's Liquefaction      Hex/Erth       0%         N/A       100%        4


Dungeon Overview and Level Annotations

Branches:
Dungeon (7/15)             Temple (0/1) D:4

Altars:
Fedhas
Makhleb
Qazlal
Ru
Sif Muna
Wu Jian
Xom

Shops:
D:2 (


Innate Abilities, Weirdness & Mutations

You have a pair of horns on your head.
You reflexively headbutt those who attack you in melee.


Message History

The deep troll is heavily wounded.
The deep troll closely misses you.
The deep troll claws you but does no damage. x2
The deep troll bites you!! The deep troll claws you! x2
You bludgeon the deep troll!!
You kill the deep troll!
Trog accepts your kill.
The troll leather armour is intact enough to wear.
Your Maces & Flails skill gained 2 levels and is now at level 14!
You have reached level 9!
Your experience leads to an increase in your attributes!
Increase (S)trength, (I)ntelligence, or (D)exterity?
Uppercase letters only, please.
You feel stronger. x2
You closely miss the deep troll. Your headbutt misses the deep troll.
The deep troll bites you! The deep troll barely misses you.
The deep troll closely misses you. The deep troll completely misses you.
You furiously retaliate!
You headbutt the deep troll!
The deep troll claws you but does no damage.
The deep troll claws you!
* * * LOW HITPOINT WARNING * * *
You hit the deep troll.
The deep troll is poisoned.
The deep troll is moderately wounded.
You barely miss the deep troll. You headbutt the deep troll!
The deep troll is heavily wounded.
The deep troll bites you but does no damage.
The deep troll claws you.
* * * LOW HITPOINT WARNING * * *
The deep troll completely misses you. The deep troll bites you!
* * * LOW HITPOINT WARNING * * *
The deep troll claws you.
* * * LOW HITPOINT WARNING * * *
The deep troll claws you!
* * * LOW HITPOINT WARNING * * *
You are too berserk!
You barely miss the deep troll. You closely miss the deep troll.
Your headbutt misses the deep troll. The deep troll barely misses you.
You furiously retaliate!
You headbutt the deep troll! The deep troll claws you!
You die...

#.# #.. #.#.# #.#!#
#.#.# #.###.#.#
#.......# .#####...#
#########
........@###.......#
.......TTT##.......#
..........##.......#
######.....##.......#
.....##.....'.......#
......##...##.......##
.......##..##........#
......T....##........##
....T..##..##.........#


You could see 3 deep trolls.

Vanquished Creatures
  A deep troll (D:7)
  Edmund (D:4)
  An orc warrior (D:7)
  A black bear (D:4)
  2 ice beasts
  A centaur (D:5)
  An ogre (D:6)
  2 necrophages
  3 scorpions
  A howler monkey (D:6)
  3 hounds
  A gnoll bouda (D:7)
  An orc priest (D:7)
  3 iguanas
  9 gnolls
  5 adders
  A shadow imp (D:5)
  4 white imps
  2 worms
  3 dart slugs
  16 orcs
  9 ball pythons
  7 endoplasms
  4 giant cockroaches
  7 goblins
  4 hobgoblins
  6 kobolds
  7 quokkas
  5 bats
  3 frilled lizards
  25 rats
139 creatures vanquished.

Notes
Turn   | Place    | Note
-------+----------+-------------------------------------------
     0 | D:1      | blitzkryeg the Minotaur Berserker began the quest for the
                  | Orb.
     0 | D:1      | Reached XP level 1. HP: 19/19 MP: 0/0
    63 | D:1      | Reached XP level 2. HP: 26/27 MP: 1/1
   130 | D:1      | Reached skill level 4 in Maces & Flails
   346 | D:1      | Found a faded altar of an unknown god.
   726 | D:2      | Reached XP level 3. HP: 15/33 MP: 2/2
   852 | D:2      | Reached skill level 5 in Maces & Flails
   879 | D:2      | Found Nehatih's Weapon Emporium.
   896 | D:2      | Reached ** piety under Trog
  1028 | D:2      | Reached XP level 4. HP: 40/40 MP: 3/3
  1602 | D:3      | Reached skill level 6 in Maces & Flails
  1794 | D:3      | Found a burning altar of Makhleb.
  1804 | D:3      | Found a shimmering altar of Xom.
  1813 | D:3      | Found a shimmering blue altar of Sif Muna.
  1823 | D:3      | Found a stormy altar of Qazlal.
  1833 | D:3      | Found a blossoming altar of Fedhas.
  1846 | D:3      | Found a sacrificial altar of Ru.
  1858 | D:3      | Found an ornate altar of the Wu Jian Council.
  2290 | D:4      | Reached XP level 5. HP: 36/46 MP: 4/4
  2324 | D:4      | Noticed Edmund
  2330 | D:4      | Killed Edmund
  2331 | D:4      | Reached skill level 7 in Maces & Flails
  2515 | D:4      | Reached skill level 8 in Maces & Flails
  2515 | D:4      | Reached XP level 6. HP: 52/52 MP: 5/5
  2876 | D:4      | Reached *** piety under Trog
  2948 | D:4      | Reached skill level 9 in Maces & Flails
  2962 | D:4      | Reached XP level 7. HP: 51/58 MP: 6/6
  3045 | D:4      | Found a staircase to the Ecumenical Temple.
  3099 | D:5      | Entered Level 5 of the Dungeon
  3452 | D:5      | Reached skill level 10 in Maces & Flails
  3822 | D:6      | Reached skill level 11 in Maces & Flails
  3949 | D:6      | Reached XP level 8. HP: 66/66 MP: 7/7
  4466 | D:7      | Reached skill level 12 in Maces & Flails
  4747 | D:7      | Noticed a deep troll
  4747 | D:7      | Noticed a deep troll
  4747 | D:7      | Noticed a deep troll
  4748 | D:7      | Noticed a deep troll
  4763 | D:7      | Killed a deep troll
  4764 | D:7      | Reached skill level 14 in Maces & Flails
  4764 | D:7      | Reached XP level 9. HP: 44/71 MP: 8/8
  4768 | D:7      | Slain by a deep troll

Illustrated notes

Levels and vault maps discovered:
D:1:      psy_arrival_radial02, layout_rooms,
          hellmonk_ecumenical_altar_heavens_door, minivault_5
D:2:      layout_basic, serial_shops, shop, serial_rivers,
          chequers_serial_rivers_small_3, chequers_serial_rivers_micro_e,
          chequers_serial_rivers_small_b, chequers_serial_rivers_micro_c,
          chequers_serial_rivers_small_b
D:3:      layout_loops_ring, grunt_temple_overflow_octagram
D:4:      layout_loops_ring, temple_hall, minmay_misc_feat_chi, minmay_rat_hole,
          uniq_edmund
D:5:      layout_rooms, kennysheep_small_square
D:6:      layout_basic
D:7:      layout_basic, hellmonk_guarded_unrand_vitality_bloodlust

Skill      XL: |  1  2  3  4  5  6  7  8 |
---------------+-------------------------+-----
Maces & Flails | 4 5 6 8 9 11 14 | 14.1
Fighting       | |  3.8
Armour         | |  2.7
Dodging        | |  2.4

Action                   |  1- 3 |  4- 6 |  7- 9 || total
-------------------------+-------+-------+-------++-------
Melee: Mace              |    61 |    48 |       ||   109
       Headbutt          |     7 |    20 |    18 ||    45
       Punch             |     2 |       |       ||     2
       Dire flail        |       |    48 |    98 ||   146
       Flail             |       |       |    11 ||    11
Throw: Stone             |    18 |     3 |       ||    21
       Dart              |    40 |    33 |       ||    73
Invok: Berserk           |     1 |     4 |     5 ||    10
  Use: Potion            |       |       |     1 ||     1
Armor: Animal skin       |    25 |       |       ||    25
       Leather armour    |       |    12 |       ||    12
       Scale mail        |       |    34 |    36 ||    70
Dodge: Dodged            |    49 |    75 |    40 ||   164

Table legend: (Time is in decaauts)
 A = Elapsed time spent in this place.
 B = Non-inter-level travel time spent in this place.
 C = Inter-level travel time spent in this place.
 D = Time resting spent in this place.
 E = Time spent auto-exploring this place.
 F = Levels seen in this place.
 G = Mean time per level.
                   A        B        C        D        E       F      G
               +--------+--------+--------+--------+--------+-----+--------+
         Total |   4847 |   2969 |   1878 |    127 |   1957 |   7 |  692.4 |
       Dungeon |   4847 |   2969 |   1878 |    127 |   1957 |   7 |  692.4 |
               +--------+--------+--------+--------+--------+-----+--------+

Top non-repeatable levels by time:
     D:4: 838 daAuts
     D:3: 813 daAuts
     D:2: 786 daAuts
     D:1: 734 daAuts
     D:6: 714 daAuts
     D:5: 604 daAuts
     D:7: 355 daAuts
